 Dungeon Crawl Stone Soup version 0.31-a0-198-g2ad674f65e (webtiles) character file.

Game seed: 3154021600284368279

38 qw the Shooter (level 3, -1/20 HPs)
             Began as a Deep Elf Hunter on June 25, 2023.
             Killed from afar by Sigmund (10 damage)
             ... with a puff of flame
             ... on level 2 of the Dungeon.
             The game lasted 00:00:22 (991 turns).

qw the Shooter (Deep Elf Hunter)                     Turns: 991, Time: 00:00:22

Health: -1/20      AC:  3    Str: 10    XL:     3   Next: 25%
Magic:  5/5        EV: 12    Int: 13    God:
Gold:   41         SH:  0    Dex: 18    Spells: 2/2 levels left

rFire   . . .        Y - +0 shortbow
rCold   . . .        (shield currently unavailable)
rNeg    . . .        c - +0 leather armour
rPois   .            (no helmet)
rElec   .            (no cloak)
rCorr   .            (no gloves)
SInv    .            (no boots)
Will    .....        (no amulet)
Stlth   ++           (no ring)
HPRegen 0.23/turn    (no ring)
MPRegen 0.09/turn

%: no passive effects
@: no status effects
A: no striking features
a: no special abilities


You were on level 2 of the Dungeon.
You visited 1 branch of the dungeon, and saw 2 of its levels.

You collected 41 gold pieces.


   Skills:
 - Level 1.5 Fighting
 + Level 6.8 Ranged Weapons
 - Level 2.4 Dodging
 - Level 1.2 Stealth


You had 2 spell levels left.
You didn't know any spells.
Your spell library was empty.

Inventory:

Hand Weapons
 Y - a +0 shortbow (weapon)
Armour
 c - a +0 leather armour (worn)
Potions
 a - a potion of enlightenment {unknown}
 f - a potion of lignification {unknown}
 h - a potion of degeneration {unknown}

Dungeon Overview and Level Annotations

Branches:
Dungeon (2/15)

Altars:

Annotations:
D:2 Sigmund


Message History

The arrow hits Sigmund but does no damage.
Sigmund is lightly wounded.
Sigmund hits you from afar with a +0 scythe!
You shoot an arrow. The arrow barely misses Sigmund.
You shoot an arrow.
The arrow hits Sigmund but does no damage.
Sigmund is lightly wounded.
Sigmund closely misses you.
You shoot an arrow. The arrow closely misses Sigmund.
Sigmund barely misses you.
You shoot an arrow. The arrow closely misses Sigmund.
You shoot an arrow. The arrow completely misses Sigmund.
Sigmund barely misses you.
You shoot an arrow. The arrow closely misses Sigmund.
Sigmund hits you from afar with a +0 scythe.
Enter note:
Enter note:
Enter note:
Enter note:
Enter note:
Enter note:
Enter note:
Enter note:
Found a scroll of noise.
Sigmund barely misses you.
Enter note:
Enter note:
Enter note:
Enter note:
Enter note: A frilled lizard comes into view.
Enter note:
Enter note:
Enter note:
Enter note:
Enter note: Sigmund gestures at you while chanting.
The puff of flame hits you!
Ouch! That really hurt!
You die...

.# #...# .## #...# ..##
#...#########
...########...#.......
.#..#.............!.#
###............@....#
.#..#...............#
...########...#.#####.##
#.## .........@.......
#.# ###.<...#######.#
#.# #.....# #.# #......#
#.# #......# #.# #l...?.
#.. ....###


You could see Sigmund and a frilled lizard.

Vanquished Creatures
  A worm (D:2)
  A dart slug (D:1)
  3 endoplasms (D:1)
  A giant cockroach (D:1)
  4 hobgoblins
  2 quokkas (D:1)
  3 ball pythons (D:1)
  3 bats
  2 frilled lizards (D:1)
  3 goblins (D:1)
  4 kobolds
  6 rats
33 creatures vanquished.

Notes
Turn   | Place    | Note
-------+----------+-------------------------------------------
     0 | D:1      | qw the Deep Elf Hunter began the quest for the Orb.
     0 | D:1      | Reached XP level 1. HP: 12/12 MP: 3/3
     0 | D:1      | 0 ||| qw: Version: 0.3-a-22-g0ed2b0b
     0 | D:1      | 0 ||| qw: Game counter: 5225
     0 | D:1      | 0 ||| qw: Melee chars always use a shield: true
     0 | D:1      | 0 ||| qw: God list: Okawaru
     0 | D:1      | 0 ||| qw: Allow faded altars: false
     0 | D:1      | 0 ||| qw: Do Orc after clearing Dungeon:15 true
     0 | D:1      | 0 ||| qw: Do second Lair branch before Depths: true
     0 | D:1      | 0 ||| qw: Lair rune preference: random
     0 | D:1      | 0 ||| qw: Goals: Normal
     0 | D:1      | 0 ||| PLANNING D:1-11
   226 | D:1      | Reached XP level 2. HP: 16/16 MP: 4/4
   227 | D:1      | Reached skill level 6 in Ranged Weapons
   590 | D:1      | Reached XP level 3. HP: 20/20 MP: 5/5
   750 | D:1      | 750 ||| READING scroll labelled KAUDEEVI ATONE.
   751 | D:1      | 751 ||| READING scroll labelled ANUMUE ZOINN.
   752 | D:1      | 752 ||| READING scroll labelled VYEROR PIEKAI.
   753 | D:1      | 753 ||| DROPPING scroll of butterflies.
   755 | D:1      | 755 ||| Stepping ~*~*~tactically~*~*~ (cloud).
   761 | D:1      | HP: 5/20 [poisoned by you (poison gas)]
   978 | D:2      | Noticed Sigmund
   991 | D:2      | Killed from afar by Sigmund

Levels and vault maps discovered:
D:1:      lemuel_arrival_cross, layout_basic, minmay_statues_item
D:2:      layout_loops_cross, uniq_sigmund, uniq_crazy_yiuf_cottage,
          uniq_terence

Skill      XL: |  1  2 |
---------------+-------+-----
Ranged Weapons | 6 |  6.8
Fighting       | |  1.5
Dodging        | |  2.4
Stealth        | |  1.2

Action                     || total
---------------------------++-------
   Fire: Shortbow          ||    86
    Use: Scroll            ||     3
 Armour: Leather armour    ||     5
  Dodge: Dodged            ||    12

Table legend:
 A = Non-vault XP
 B = Vault XP
 C = Vault XP percentage of total XP
 D = Non-vault monster count
 E = Vault monster count
 F = Vault count percentage of total count
                 A         B        C        D         E       F
            +---------+---------+-------+---------+---------+-------
      Total |      55 |       0 |   0.0 |      33 |       0 |   0.0
            +---------+---------+-------+---------+---------+-------
        D:1 |      44 |       0 |   0.0 |      27 |       0 |   0.0
        D:2 |      11 |       0 |   0.0 |       6 |       0 |   0.0
            +---------+---------+-------+---------+---------+-------
